 Dungeon Crawl Stone Soup version 0.17.1-3-g152610e (webtiles) character file.

294267 jacquesderrida the Fencer (level 19, -34/175 HPs)
             Began as a Demigod Necromancer on Apr 17, 2016.
             Killed from afar by a frost giant (65 damage)
             ... with a bolt of cold
             ... on level 3 of the Vaults on Apr 19, 2016.
             The game lasted 02:56:46 (28109 turns).

jacquesderrida the Fencer (Demigod Necromancer)    Turns: 28109, Time: 02:56:46

Health: -34/175    AC: 21    Str: 15    XL:     19   Next: 26%
Magic:  32/37      EV: 25    Int: 21    God:
Gold:   2151       SH:  0    Dex: 25    Spells: 8 memorised, 10 levels left

rFire  + . .     SeeInvis +     c - 9 bread rations
rCold  . . .     Clarity  +     f - +1 ring mail {rPois}
rNeg   . . .     SustAt   +     (no shield)
rPois  +         Gourm    +     N - +1 hat of Muil {rF+ Dex+3}
rElec  +         Spirit   .     h - +2 cloak {MR+}
rCorr  .         Warding  .     v - +0 pair of gloves "Roniomor" {MR+}
rMut   .         Stasis   .     (no boots)
MR     ++++.                    d - amulet of the gourmand
Stlth  ++........               i - ring of see invisible
                                j - ring "Biculal" {*Confuse rElec MR+ AC+6}

@: repel missiles, incredibly resistant to hostile enchantments, unstealthy
A: rugged brown scales 1, berserk 2, clarity, deterioration 1, high mp 1,
mutation resistance 1, sustain attributes
a: no special abilities
}: 2/15 runes: decaying, serpentine


You were on level 3 of the Vaults.
You were not hungry.

You visited 8 branches of the dungeon, and saw 42 of its levels.
You also visited: Labyrinth and Ice Cave.

You collected 3929 gold pieces.
You spent 1778 gold pieces at shops.

Inventory:

Hand Weapons
 b - a +6 blowgun
 E - the +3 triple sword of Seneuhe {drain, Int+2}
   (You acquired it on level 3 of the Snake Pit)

   A truly terrible weapon, it drains the life of those it strikes.
   It affects your intelligence (+2).
 H - a +4 scimitar of flaming
 X - a +4 double sword of freezing
Armour
 f - a +1 ring mail of poison resistance (worn)
 h - a +2 cloak of magic resistance (worn)
 v - the +0 pair of gloves "Roniomor" (worn) {MR+}
   (You bought it in a shop on level 4 of the Orcish Mines)

   It affects your resistance to hostile enchantments.
 K - a +1 cloak of poison resistance
 L - the +2 helmet of Experimentation {+Fly rC+ MP-9 Int+3}
   (You found it on level 3 of the Elven Halls)

   It affects your intelligence (+3).
   It protects you from cold.
   It affects your magic capacity (-9).
   It lets you fly.
 N - the +1 hat of Muil (worn) {rF+ Dex+3}
   (You bought it in a shop on level 2 of the Vaults)

   It affects your dexterity (+3).
   It protects you from fire.
 V - a mottled dragon hide
 Z - the +2 hat of the Bear Spirit {Spirit, +Rage rN+ MR++}
   (You found it in an ice cave)

   It protects you from negative energy.
   It affects your resistance to hostile enchantments.
   It lets you go berserk.
Jewellery
 d - an amulet of the gourmand (around neck)
 g - an uncursed ring of positive energy
 i - a ring of see invisible (right hand)
 j - the ring "Biculal" (left hand) {*Confuse rElec MR+ AC+6}
   (You found it in a labyrinth)

   [ring of protection]

   It affects your AC (+6).
   It insulates you from electricity.
   It affects your resistance to hostile enchantments.
   It may confuse you when you take damage.
 q - an uncursed ring of protection from fire
 w - an uncursed amulet of stasis
 F - an uncursed ring of flight
 T - an uncursed ring of protection from cold
Wands
 s - a wand of teleportation (1)
 t - a wand of disintegration (4)
 x - a wand of hasting (7)
 D - a wand of heal wounds (1)
 Q - a wand of paralysis (2)
 R - a wand of hasting (2)
 U - a wand of digging (2)
Scrolls
 a - a scroll of blinking
 k - 5 scrolls of enchant weapon
 m - 7 scrolls of remove curse
 r - 2 scrolls of amnesia
 y - 12 scrolls of identify
 z - a scroll of magic mapping
 A - 2 scrolls of immolation
 B - 2 scrolls of torment
 G - 5 scrolls of enchant armour
 S - 2 scrolls of fear
Potions
 l - 6 potions of might
 n - 8 potions of curing
 p - a potion of brilliance
 u - a potion of agility
 C - a potion of lignification
 M - 2 potions of ambrosia
 P - 2 potions of haste
 W - a potion of flight
Books
 e - a book of Enchantments

   Spells                             Type                      Level
   a - Cause Fear                     Hexes                        4
   b - Silence                        Hexes/Air                    5
   c - Deflect Missiles               Charms/Air                   6
   d - Haste                          Charms                       6
   e - Discord                        Hexes                        8
 I - a book of Battle

   Spells                             Type                      Level
   a - Infusion                       Charms                       1
   b - Shroud of Golubria             Charms/Translocation         2
   c - Song of Slaying                Charms                       2
   d - Spectral Weapon                Hexes/Charms                 3
   e - Regeneration                   Charms/Necromancy            3
Miscellaneous
 J - a phial of floods
Comestibles
 c - 9 bread rations (in hand)
 o - 9 meat rations
 O - 11 beef jerkies


   Skills:
 - Level 15.0 Fighting
 + Level 17.1 Long Blades
   Level 2.4 Polearms
 - Level 11.5 Armour
 + Level 14.0 Dodging
 - Level 1.7 Stealth
 - Level 9.1 Spellcasting
 + Level 7.9 Hexes
 + Level 7.9 Charms
 - Level 5.0 Necromancy


You had 10 spell levels left.
You knew the following spells:

 Your Spells              Type           Power        Failure   Level  Hunger
a - Stoneskin             Trmt/Erth      #.......     21%         2    None
b - Spectral Weapon       Hex/Chrm       #####...     1%          3    None
c - Song of Slaying       Chrm           #####...     1%          2    None
d - Vampiric Draining     Necr           ####......   6%          3    None
e - Haste                 Chrm           #####...     77%         6    ######.
f - Silence               Hex/Air        ####......   73%         5    #####..
m - Repel Missiles        Chrm/Air       ####..       4%          2    None
r - Regeneration          Chrm/Necr      #####.....   2%          3    None


Dungeon Overview and Level Annotations

Branches:
Dungeon (15/15)            Temple (0/1) D:6            Lair (8/8) D:9
  Swamp (4/4) Lair:5        Snake (4/4) Lair:6        Slime (0/6) Lair:8
    Orc (4/4) D:11            Elf (3/3) Orc:4        Vaults (3/5) D:13
 Depths (1/5) D:15
  Crypt: Vaults:2-3

Shops:
D:4 (   D:5 =   D:8 [   D:9 }   Orc:4 }?[}   Elf:1 *   Elf:2 *   Snake:2 ?
Vaults:2 [

Annotations:
D:3 Stendarr's ghost, amateur TrFE
D:5 magipi's ghost, amateur SpEn
D:7 Alarkh's ghost, novice VSTm
D:8 bollicks1999's ghost, novice OpAs
Lair:3 exclusion: upstairs
Snake:4 Norris
Orc:4 Tobisume's ghost, journeyman DsGl
Elf:1 exclusion: Roxanne, Roxanne


Innate Abilities, Weirdness & Mutations

You have an increased reservoir of magic (+10% MP).
Your attributes are resistant to harm.
You are partially covered in rugged brown scales (AC +1, +3% HP).
You often lose your temper in combat.
You possess an exceptional clarity of mind.
Your body sometimes deteriorates upon taking damage.
You are somewhat resistant to further mutation.


Message History

You swing at nothing.
Your skin is crawling a little less now.
You swing at nothing.
You swing at nothing.
You swing at nothing.
A frost giant opens the large door.
An elephant and a frost giant come into view.
You swing at nothing.
Your skin stops crawling.
The frost giant shouts!
The elephant trumpets!
Really attack while wielding your 9 bread rations?
Okay, then.
Unknown command.
You open the door.
The frost giant hits you with a battleaxe of freezing!!
* * * LOW HITPOINT WARNING * * *
The frost giant freezes you.
* * * LOW HITPOINT WARNING * * *
The frost giant casts a spell at you. The bolt of cold hits you!
You die...

#...... #(.# #...... #..#
#...... #..# #...... #..#
##############' #..#
#......# #....
..#++#..####....######...
..'..'..#.###..###..###..
..'.Y'C.@..###'##....##'#
..#''#..#...#..#.........
# #.)#...+..'.........
#†)#..##..##....###'
#..#.###..###..###..
#.)####...# #####..[ #./#
#..... #.... #### ###+###
#####


You could see a frost giant and an elephant.

Vanquished Creatures
  Frederick (Vaults:3)
  the Lernaean hydra (Swamp:4)
  Nikola (Swamp:1)
  2 deep elf master archers (Elf:3)
  A deep elf blademaster (Elf:3)
  A sphinx (Vaults:3)
  2 large abominations (Elf:3)
  4 greater nagas (Snake:4)
  2 frost giants
  Maud (D:10)
  3 vault wardens
  Louise (Swamp:3)
  10 deep elf sorcerers (Elf:3)
  2 ironheart preservers (Vaults:3)
  2 very ugly things
  Nessos (D:12)
  A salamander stormcaller (Vaults:2)
  Azrael (Elf:1)
  4 deep elf demonologists (Elf:3)
  9 deep elf annihilators (Elf:3)
  An ettin (Vaults:2)
  5 deep elf death magi
  Snorg (Orc:3)
  6 ogre magi
  A minotaur (Lab)
  4 deep elf high priests
  A rakshasa (Vaults:1)
  19 hydras
  9 naga warriors
  11 anacondas
  5 centaur warriors
  2 dancing weapons (Elf:2)
  7 alligators
  8 shock serpents
  12 naga sharpshooters
  4 deep elf knights
  4 skeletal warriors (D:14)
  The ghost of Stendarr the Magician, a novice TrFE of Sif Muna (D:11)
  An ice devil (IceCv)
  A spriggan druid (Swamp:4)
  3 deep trolls (Vaults:3)
  A shambling mangrove (Swamp:4)
  11 deep elf summoners
  2 hill giants (D:13)
  Pikel (D:7)
  5 orc knights
  13 swamp dragons
  2 necromancers
  3 ironbrand convokers
  13 naga ritualists
  2 griffons
  9 orc sorcerers (Orc:4)
  2 cyclopes
  10 deep elf conjurers
  9 mana vipers
  3 wolf spiders
  3 salamanders
  A wizard (Vaults:3)
  A shining eye (shapeshifter) (Elf:3)
  13 ugly things
  16 naga magi
  16 elephants
  A guardian serpent (shapeshifter) (D:13)
  A hornet (shapeshifter) (Vaults:3)
  3 guardian serpents
  Maurice (Orc:2)
  25 black mambas
  An eye of devastation (shapeshifter) (Elf:1)
  2 gargoyles
  2 ice statues (IceCv)
  An octopode (shapeshifter) (Vaults:1)
  10 komodo dragons
  Psyche (D:10)
  A molten gargoyle (D:11)
  3 vault sentinels
  3 kobold demonologists (D:10)
  4 yaktaurs
  3 fire drakes
  16 spiny frogs
  An efreet (D:13)
  13 deep elf priests
  A blue devil (IceCv)
  4 giant leeches
  10 polar bears
  A merfolk (shapeshifter) (D:13)
  10 two-headed ogres
  A jumping spider (shapeshifter) (Elf:3)
  A queen bee (shapeshifter) (Elf:3)
  A queen bee (D:8)
  4 trolls
  3 bog bodies
  4 snapping turtles (D:14)
  16 blink frogs
  3 boulder beetles
  10 slime creatures
  2 raiju (Lair:8)
  A raiju (shapeshifter) (Vaults:1)
  A wyvern (D:14)
  A trapdoor spider (D:14)
  A water elemental (D:14)
  15 deep elf magi
  2 shadows (Swamp:1)
  A redback (Lair:8)
  13 fire elementals
  6 spriggans
  3 vampire mosquitoes (D:13)
  75 yaks
  5 hippogriffs
  3 hungry ghosts
  A yak (shapeshifter) (D:14)
  5 basilisks
  9 wargs
  22 deep elf fighters
  16 wolves
  26 water moccasins
  32 nagas
  A steam dragon (D:14)
  A soldier ant (D:14)
  3 insubstantial wisps (Swamp:1)
  13 swamp worms
  4 hell hounds
  5 ice beasts
  13 porcupines
  7 necrophages (Lair:2)
  11 spiders
  10 swamp drakes
  14 black bears
  A slave (D:7)
  15 orc warriors
  8 wasps
  3 sky beasts
  5 phantoms
  24 ogres
  14 crocodiles
  6 worker ants
  2 big kobolds
  6 centaurs
  16 giant frogs
  2 wyvern zombies
  3 scorpions
  25 killer bees
  3 wyvern skeletons
  A troll zombie (D:11)
  8 wights
  3 jellies
  5 electric eels (D:14)
  A centaur zombie (D:8)
  4 crimson imps
  2 draconian simulacra (IceCv)
  5 centaur skeletons
  7 iguanas
  18 orc priests
  Ijyb (D:2)
  2 spriggan simulacra (IceCv)
  4 hell rats (Lair:6)
  15 hounds
  31 orc wizards
  2 troll simulacra (IceCv)
  28 sheep
  6 ogre zombies (D:11)
  2 worker ant zombies
  17 adders
  A naga simulacrum (IceCv)
  3 ogre simulacra (IceCv)
  19 river rats
  A shadow imp (D:14)
  An ooze (D:6)
  An adder zombie (D:7)
  An adder skeleton (D:6)
  3 worms
  5 giant geckos
  87 orcs
  A ball python (D:1)
  2 giant cockroaches
  4 goblins
  12 hobgoblins
  9 jackals
  15 kobolds
  6 quokkas
  10 bats
  A giant gecko zombie (D:7)
  2 giant newts (D:2)
  A goblin skeleton (D:11)
  A goblin zombie (D:11)
  A hobgoblin skeleton (D:11)
  2 hobgoblin zombies (D:11)
  3 orc skeletons
  14 orc zombies (D:11)
  A quokka skeleton (D:7)
  6 rats
  A bush (D:13)
  A plant (Lair:8)
1285 creatures vanquished.

Vanquished Creatures (collateral kills)
  A hound (D:4)
1 creature vanquished.

Vanquished Creatures (others)
  A hydra (Swamp:1)
  2 deep elf high priests (Elf:3)
  A swamp dragon (Swamp:4)
  A wind drake (shapeshifter) (Elf:1)
  A two-headed ogre (Vaults:3)
  A wolf (Lair:5)
  A naga (Snake:3)
  A gnoll sergeant (D:4)
  A black bear (D:4)
  A hound (D:4)
  2 orc wizards (Orc:4)
  2 bushes (D:9)
  A crawling corpse (Elf:3)
  16 fungi
  20 plants
  58 spectral weapons
110 creatures vanquished.

Grand Total: 1396 creatures vanquished

Notes
Turn   | Place    | Note
--------------------------------------------------------------
     0 | D:1      | jacquesderrida the Demigod Necromancer began the quest for the Orb.
     0 | D:1      | Reached XP level 1. HP: 14/14 MP: 5/5
    30 | D:1      | Reached skill level 1 in Fighting
   123 | D:1      | Reached XP level 2. HP: 4/23 MP: 1/7
   373 | D:2      | Noticed Ijyb
   529 | D:2      | Reached XP level 3. HP: 8/29 MP: 1/8
   534 | D:2      | Learned a level 3 spell: Regeneration
   841 | D:3      | Reached skill level 4 in Necromancy
   891 | D:2      | Killed Ijyb
   891 | D:2      | Reached XP level 4. HP: 30/38 MP: 2/9
  1338 | D:3      | Noticed Stendarr's ghost (amateur TrFE)
  1485 | D:4      | Found a bloodstained altar of Trog.
  1504 | D:4      | Found Rusch's Weapon Emporium.
  1565 | D:4      | Reached XP level 5. HP: 45/45 MP: 11/11
  1609 | D:4      | Noticed a black bear
  1624 | D:4      | a black bear (ally) was killed
  1677 | D:4      | Reached skill level 5 in Necromancy
  1677 | D:4      | Reached XP level 6. HP: 21/52 MP: 11/13
  1793 | D:4      | Noticed an ogre
  1841 | D:4      | Killed an ogre
  2039 | D:5      | Entered Level 5 of the Dungeon
  2216 | D:5      | Found Bipet's Jewellery Emporium.
  2399 | D:5      | Reached XP level 7. HP: 24/60 MP: 5/14
  2422 | D:5      | Reached skill level 5 in Fighting
  2477 | D:5      | Noticed magipi's ghost (amateur SpEn)
  2641 | D:4      | Bought a +2 trident of piercing for 189 gold pieces
  2787 | D:5      | Reached skill level 1 in Polearms
  2974 | D:6      | Found an opulent altar of Gozag.
  3183 | D:6      | Found a staircase to the Ecumenical Temple.
  3404 | D:7      | Reached skill level 1 in Long Blades
  3404 | D:7      | Reached XP level 8. HP: 49/70 MP: 15/15
  3425 | D:7      | Reached skill level 6 in Fighting
  3475 | D:7      | Found a sacrificial altar of Ru.
  3523 | D:7      | Found a shattered altar of Ashenzari.
  3527 | D:7      | Found a stormy altar of Qazlal.
  3528 | D:7      | Found a sparkling altar of Nemelex Xobeh.
  3528 | D:7      | Found an iron altar of Okawaru.
  3529 | D:7      | Found a deep blue altar of Sif Muna.
  3530 | D:7      | Found a burning altar of Makhleb.
  3532 | D:7      | Found a blossoming altar of Fedhas.
  3533 | D:7      | Found a white marble altar of Elyvilon.
  3573 | D:7      | Noticed Alarkh's ghost (novice VSTm)
  3984 | D:7      | Reached skill level 5 in Dodging
  4156 | D:8      | Noticed bollicks1999's ghost (novice OpAs)
  4356 | D:7      | Reached skill level 7 in Fighting
  4360 | D:7      | Noticed Pikel
  4428 | D:7      | Reached XP level 9. HP: 50/79 MP: 16/16
  4491 | D:7      | Killed Pikel
  4720 | D:8      | Reached skill level 5 in Long Blades
  4980 | D:6      | Reached skill level 8 in Fighting
  5181 | D:9      | Reached skill level 1 in Armour
  5525 | D:9      | Learned a level 2 spell: Stoneskin
  5636 | D:9      | Reached XP level 10. HP: 55/88 MP: 8/17
  5881 | D:9      | Reached skill level 1 in Charms
  5892 | D:9      | Identified a scroll of acquirement
  5908 | D:9      | Found Yfup's Gadget Emporium.
  5984 | D:9      | Learned a level 3 spell: Vampiric Draining
  6087 | D:9      | Found a staircase to the Lair.
  6474 | D:10     | Entered Level 10 of the Dungeon
  6588 | D:10     | Noticed a sixfirhy
  6610 | D:10     | Found a corrupted altar of Lugonu.
  6884 | D:8      | Noticed a queen bee
  6896 | D:8      | Killed a queen bee
  7039 | D:8      | Reached skill level 9 in Dodging
  7039 | D:8      | Reached XP level 11. HP: 94/94 MP: 18/18
  7252 | D:8      | Found an ancient bone altar of Kikubaaqudgha.
  7411 | D:8      | Found Pijerey's Armour Shop.
  7517 | D:8      | Bought a +0 cloak for 54 gold pieces
  7589 | D:10     | Noticed Psyche
  7609 | D:10     | Killed Psyche
  7695 | D:10     | Noticed a soul eater
  7701 | D:10     | Noticed an ice devil
  7835 | D:11     | Found a staircase to the Orcish Mines.
  7917 | D:10     | Noticed Maud
  8123 | D:10     | Got a distressingly furry robe
  8227 | Lair:1   | Entered Level 1 of the Lair of Beasts
  8267 | Lair:1   | Identified the +0 robe of Iwoyj {rF+} (You found it on level 10 of the Dungeon)
  8330 | Lair:2   | Found a labyrinth entrance.
  8392 | Lair:2   | Reached skill level 10 in Dodging
  8436 | Lab      | Entered a labyrinth
  8717 | Lab      | Noticed a minotaur
  8723 | Lab      | Gained mutation: You tend to lose your temper in combat. [potion of mutation]
  8723 | Lab      | Gained mutation: You often lose your temper in combat. [potion of mutation]
  8723 | Lab      | Gained mutation: Your body sometimes deteriorates upon taking damage. [potion of mutation]
  8789 | Lab      | Killed a minotaur
  8844 | Lab      | Identified Raasem's Reference Book on Assistive Transmigration
  8849 | Lab      | Got a translucent wooden ring
  8854 | Lab      | Identified the ring "Biculal" {*Confuse rElec MR+ AC+6} (You found it in a labyrinth)
  9111 | Lair:2   | Noticed a seven-headed hydra
  9398 | Lair:3   | Reached skill level 10 in Long Blades
  9448 | Lair:3   | Noticed a four-headed hydra
  9548 | Lair:3   | Reached skill level 11 in Dodging
  9690 | Lair:2   | Noticed a seven-headed hydra
  9794 | Lair:4   | Gained mutation: You possess an exceptional clarity of mind. [potion of mutation]
  9794 | Lair:4   | Gained mutation: You are partially covered in rugged brown scales (AC +1, +3% HP). [potion of mutation]
  9794 | Lair:4   | Gained mutation: You are somewhat resistant to further mutation. [potion of mutation]
  9859 | Lair:4   | Noticed a four-headed hydra
 10161 | Lair:4   | Reached XP level 12. HP: 90/105 MP: 19/19
 10164 | Lair:4   | Got an ichor-stained scale mail
 10178 | Lair:4   | Identified the cursed +0 scale mail "Funamiudo" {rN+ Slay-3 SInv} (You found it on level 4 of the Lair of Beasts)
 10809 | Lair:5   | Noticed a six-headed hydra
 10992 | Lair:6   | Found a staircase to the Snake Pit.
 11068 | Lair:6   | Learned a level 2 spell: Repel Missiles
 11072 | Lair:6   | Learned a level 3 spell: Spectral Weapon
 11467 | Lair:7   | Reached skill level 12 in Dodging
 11710 | Lair:8   | Entered Level 8 of the Lair of Beasts
 11710 | Lair:8   | Noticed a five-headed hydra
 11930 | Lair:7   | Reached skill level 5 in Charms
 12130 | Lair:8   | Reached XP level 13. HP: 61/116 MP: 4/20
 12254 | Lair:8   | Found a staircase to the Slime Pits.
 12255 | Lair:8   | Found a viscous altar of Jiyva.
 12318 | Lair:8   | Reached skill level 10 in Fighting
 12366 | Lair:8   | Noticed a four-headed hydra
 13307 | D:11     | Noticed Stendarr's ghost (novice TrFE)
 13331 | D:11     | Killed Stendarr's ghost
 13443 | Orc:1    | Entered Level 1 of the Orcish Mines
 13655 | Orc:3    | Noticed Snorg
 13666 | Orc:3    | Killed Snorg
 13727 | Orc:4    | Entered Level 4 of the Orcish Mines
 13730 | Orc:4    | Noticed Tobisume's ghost (journeyman DsGl)
 13941 | Orc:4    | Found a staircase to the Elven Halls.
 13963 | Elf:1    | Entered Level 1 of the Elven Halls
 13963 | Elf:1    | Found Widaus's Assorted Antiques.
 14003 | Elf:1    | Noticed Roxanne
 14605 | Orc:4    | Found a radiant altar of Vehumet.
 14635 | Orc:4    | Found Giokhene's Antique Armour Shoppe.
 14644 | Orc:4    | Bought a runed cloak for 135 gold pieces
 14644 | Orc:4    | Bought a pair of transparent gloves for 285 gold pieces
 14687 | Orc:4    | Identified the +0 pair of gloves "Roniomor" {MR+} (You bought it in a shop on level 4 of the Orcish Mines)
 14699 | Orc:4    | Found an ancient bone altar of Kikubaaqudgha.
 14740 | Orc:4    | Found a roughly hewn altar of Beogh.
 14741 | Orc:4    | Found Suin's Gadget Emporium.
 14767 | Orc:4    | Found Lobonera's Magic Scroll Emporium.
 14782 | Orc:4    | Bought a scroll of magic mapping for 59 gold pieces
 14782 | Orc:4    | Bought a scroll of magic mapping for 59 gold pieces
 14841 | Orc:4    | Found Qewam's Gadget Emporium.
 14849 | Orc:4    | Bought a wand of heal wounds (1) for 450 gold pieces
 15212 | Elf:1    | Noticed Azrael
 15234 | Elf:1    | Killed Azrael
 15342 | Elf:1    | Reached XP level 14. HP: 61/125 MP: 18/25
 15573 | Elf:1    | Reached skill level 5 in Armour
 15965 | Orc:2    | Noticed Maurice
 15985 | Orc:2    | Killed Maurice
 16322 | D:12     | Found a shattered altar of Ashenzari.
 16514 | D:12     | Noticed Nessos
 16549 | D:12     | Killed Nessos
 16694 | D:13     | Found a gate to the Vaults.
 16754 | D:13     | Found a blossoming altar of Fedhas.
 16850 | D:13     | Found a shimmering altar of Xom.
 17047 | D:14     | Found a basalt altar of Yredelemnul.
 17357 | D:14     | Reached skill level 13 in Long Blades
 17608 | D:15     | Entered Level 15 of the Dungeon
 17871 | D:15     | Found a frozen archway.
 17880 | IceCv    | Entered an ice cave
 18249 | D:15     | Found a staircase to the Depths.
 18249 | D:15     | Noticed a frost giant
 18276 | D:15     | Killed a frost giant
 18322 | Depths:1 | Entered Level 1 of the Depths
 18728 | Elf:3    | Entered Level 3 of the Elven Halls
 18810 | Elf:2    | Found Vafeamos's Assorted Antiques.
 18910 | Elf:2    | Learned a level 2 spell: Song of Slaying
 18929 | Elf:2    | Found a runed gate.
 18931 | Elf:2    | Found a runed gate.
 18933 | Elf:2    | Found a runed gate.
 19119 | Elf:3    | Reached XP level 15. HP: 136/136 MP: 22/26
 19402 | Elf:3    | Noticed a deep elf sorcerer
 19432 | Elf:3    | Killed a deep elf sorcerer
 19547 | Elf:3    | Noticed a deep elf sorcerer
 19560 | Elf:3    | Killed a deep elf sorcerer
 19563 | Elf:3    | Noticed a deep elf sorcerer
 19587 | Elf:3    | Killed a deep elf sorcerer
 19587 | Elf:3    | Reached skill level 14 in Long Blades
 19673 | Elf:3    | Noticed a deep elf sorcerer
 19675 | Elf:3    | Noticed a deep elf master archer
 19692 | Elf:3    | Killed a deep elf sorcerer
 19835 | Elf:3    | Noticed a deep elf sorcerer
 19853 | Elf:3    | Killed a deep elf master archer
 19859 | Elf:3    | Killed a deep elf sorcerer
 19893 | Elf:3    | Noticed a deep elf sorcerer
 19894 | Elf:3    | Noticed a deep elf master archer
 19905 | Elf:3    | Killed a deep elf sorcerer
 20030 | Elf:3    | Killed a deep elf master archer
 20178 | Elf:3    | Got a fine halberd {chop}
 20183 | Elf:3    | Identified the cursed +1 halberd of Quteex {chop, rElec Int+3} (You took it off a deep elf death mage on level 3 of the Elven Halls)
 20228 | Elf:3    | Noticed a deep elf sorcerer
 20240 | Elf:3    | Killed a deep elf sorcerer
 20255 | Elf:3    | Noticed a deep elf blademaster
 20268 | Elf:3    | Killed a deep elf blademaster
 20278 | Elf:3    | Reached skill level 10 in Armour
 20279 | Elf:3    | Noticed a deep elf sorcerer
 20280 | Elf:3    | Noticed a deep elf sorcerer
 20284 | Elf:3    | Killed a deep elf sorcerer
 20287 | Elf:3    | Killed a deep elf sorcerer
 20367 | Elf:3    | Identified the Grimoire of Talismans
 20498 | Elf:3    | Noticed a deep elf sorcerer
 20508 | Elf:3    | Killed a deep elf sorcerer
 20523 | Elf:3    | Reached XP level 16. HP: 139/148 MP: 18/27
 20534 | Elf:3    | Got a pitted helmet
 20547 | Elf:3    | Noticed a Shadow Fiend
 20562 | Elf:3    | Identified the +2 helmet of Experimentation {+Fly rC+ MP-9 Int+3} (You found it on level 3 of the Elven Halls)
 20648 | Elf:3    | Identified Qoesum's Reference Book on Talismans
 21349 | Lair:2   | Killed a three-headed hydra
 21378 | Lair:3   | Killed a one-headed hydra
 21378 | Lair:3   | Reached skill level 5 in Spellcasting
 21546 | Lair:4   | Killed a one-headed hydra
 21666 | Lair:8   | Killed a one-headed hydra
 21672 | Lair:8   | Killed a one-headed hydra
 21795 | Lair:8   | Reached skill level 15 in Long Blades
 21920 | Lair:8   | Got a shimmering halberd
 21922 | Lair:8   | Identified the +3 halberd "Isiah" {freeze, *Corrode +Inv rN+ MR+} (You found it on level 8 of the Lair of Beasts)
 22195 | Lair:8   | Reached XP level 17. HP: 137/156 MP: 19/32
 22419 | Snake:1  | Entered Level 1 of the Snake Pit
 22906 | Snake:2  | Found Iwnezou's Magic Scroll Emporium.
 22914 | Snake:2  | Bought a scroll of recharging for 190 gold pieces
 22914 | Snake:2  | Bought a scroll of teleportation for 60 gold pieces
 23236 | Snake:3  | Got a brightly glowing triple sword
 23238 | Snake:3  | Identified the +3 triple sword of Seneuhe {drain, Int+2} (You acquired it on level 3 of the Snake Pit)
 23699 | Snake:4  | Entered Level 4 of the Snake Pit
 24126 | Snake:4  | Reached skill level 1 in Hexes
 24178 | Snake:4  | Reached XP level 18. HP: 77/165 MP: 17/35
 24401 | Snake:4  | Noticed Norris
 24873 | Snake:4  | Reached skill level 15 in Fighting
 24933 | Snake:4  | Reached skill level 16 in Long Blades
 24969 | Snake:4  | Got a serpentine rune of Zot
 25490 | Lair:5   | Found a staircase to the Swamp.
 25499 | Swamp:1  | Entered Level 1 of the Swamp
 25584 | Swamp:1  | Noticed Nikola
 25687 | Swamp:1  | Killed Nikola
 25792 | Swamp:4  | Entered Level 4 of the Swamp
 25928 | Swamp:4  | Noticed the 27-headed Lernaean hydra
 26159 | Swamp:4  | Reached skill level 5 in Hexes
 26171 | Swamp:4  | Killed the 19-headed Lernaean hydra
 26376 | Swamp:4  | Got a decaying rune of Zot
 26450 | Swamp:3  | Noticed Louise
 26475 | Swamp:3  | Killed Louise
 26898 | D:10     | Killed Maud
 26975 | Vaults:1 | Entered Level 1 of the Vaults
 27359 | Vaults:1 | Reached XP level 19. HP: 149/175 MP: 26/37
 27457 | Vaults:2 | Got an amber-encrusted ring mail
 27469 | Vaults:2 | Identified the cursed +0 ring mail of Incorporation {Int+2} (You found it on level 2 of the Vaults)
 27804 | Vaults:3 | Learned a level 6 spell: Haste
 27810 | Vaults:3 | Learned a level 5 spell: Silence
 27822 | Vaults:3 | Noticed Frederick
 27835 | Vaults:3 | Killed Frederick
 27835 | Vaults:3 | Reached skill level 17 in Long Blades
 27874 | Vaults:2 | Found Fuafiad's Antique Armour Emporium.
 27878 | Vaults:2 | Bought a brightly glowing hat for 297 gold pieces
 27888 | Vaults:2 | Identified the +1 hat of Muil {rF+ Dex+3} (You bought it in a shop on level 2 of the Vaults)
 28109 | Vaults:3 | Killed from afar by a frost giant

Action                   |  1- 3 |  4- 6 |  7- 9 | 10-12 | 13-15 | 16-18 | 19-21 || total
-------------------------+-------+-------+-------+-------+-------+-------+-------++-------
Melee: Club              |     4 |       |       |       |       |       |       ||     4
       Short sword       |    40 |    28 |       |       |       |       |       ||    68
       Halberd           |       |    46 |       |       |       |       |       ||    46
       Flail             |       |    13 |       |       |       |       |       ||    13
       Trident           |       |       |    44 |       |       |       |       ||    44
       Long sword        |       |       |   181 |   667 |       |       |       ||   848
       Great sword       |       |       |    40 |   345 |   487 |       |       ||   872
       Glaive            |       |       |       |     5 |       |       |       ||     5
       Scimitar          |       |       |       |       |   477 |   107 |       ||   584
       Double sword      |       |       |       |       |   443 |  1290 |   147 ||  1880
       Triple sword      |       |       |       |       |       |    21 |       ||    21
 Fire: Blowgun           |       |    11 |    89 |   100 |     5 |       |       ||   205
Throw: Throwing net      |       |       |       |       |       |     1 |       ||     1
 Cast: Pain              |    53 |    13 |       |       |       |       |       ||    66
       Regeneration      |     3 |    10 |    44 |   117 |   110 |   104 |    12 ||   400
       Stoneskin         |       |       |     2 |     1 |     1 |     2 |       ||     6
       Vampiric Draining |       |       |       |     2 |       |       |       ||     2
       Spectral Weapon   |       |       |       |    25 |   117 |    97 |    10 ||   249
       Repel Missiles    |       |       |       |     1 |    10 |     8 |     1 ||    20
       Song of Slaying   |       |       |       |       |       |     1 |       ||     1
 Abil: Evoke Flight      |       |       |       |       |     2 |       |       ||     2
Evoke: Wand              |       |     9 |    14 |    33 |    28 |    12 |     1 ||    97
       Deck              |       |       |       |       |     3 |       |       ||     3
  Use: Scroll            |     8 |     6 |     4 |    17 |    17 |    15 |     1 ||    68
       Potion            |       |       |    12 |    10 |     9 |     5 |       ||    36
 Stab: Sleeping          |       |       |     6 |     9 |     6 |     1 |       ||    22
       Distracted        |       |       |     3 |     1 |    13 |    20 |     2 ||    39
       Invisible         |       |       |     3 |     3 |       |       |       ||     6
       Paralysed         |       |       |    11 |     4 |     1 |       |       ||    16
  Eat: Chunk             |     1 |     6 |    23 |    53 |    47 |    14 |     4 ||   148
       Pizza             |       |       |       |     3 |       |     1 |       ||     4
       Royal jelly       |       |       |       |     1 |       |       |       ||     1
       Beef jerky        |       |       |       |       |       |    11 |       ||    11
       Fruit             |       |       |       |       |       |     2 |       ||     2
